 Dungeon Crawl Stone Soup version 0.18-b1-22-ge198996 (webtiles) character file.

13672 Hsing the Protected (level 12, -3/76 HPs)
             Began as a Gargoyle Berserker on May 3, 2016.
             Was a High Priest of Trog.
             Killed by the air
             ... invoked by Gastronok
              (35 damage)
             ... on level 3 of the Lair of Beasts.
             The game lasted 00:52:37 (11013 turns).

Hsing the Protected (Gargoyle Berserker)           Turns: 11013, Time: 00:52:38

Health: -3/76      AC: 43    Str: 25    XL:     12   Next: 8%
Magic:  12/12      EV:  6    Int:  9    God:    Trog [*****.]
Gold:   530        SH: 17    Dex:  9    Spells: 0 memorised, 11 levels left

rFire  . . .     SeeInvis .     f - +3 mace (protect)
rCold  . . .     Gourm    .     m - +5 plate armour
rNeg   + . .     Faith    .     i - +0 large shield
rPois  ∞         Spirit   .     I - +1 helmet
rElec  +         Dismiss  .     v - +2 cloak
rCorr  .         Reflect  .     (no gloves)
SustAt +         Harm     .     (no boots)
MR     .....                    (no amulet)
Stlth  ..........               n - +3 ring of protection
                                a - ring of sustain attributes

@: not resistant to hostile enchantments, extremely unstealthy
A: negative energy resistance 1, electricity resistance, unbreathing,
petrification resistance, rot immunity, AC +8
a: Berserk, Trog's Hand, Brothers in Arms, Burn Spellbooks, Renounce Religion


You were on level 3 of the Lair of Beasts.
You worshipped Trog.
Trog was extremely pleased with you.
You were not hungry.

You visited 2 branches of the dungeon, and saw 12 of its levels.
You also visited: Ossuary and Ice Cave.

You collected 530 gold pieces.

Inventory:

Hand Weapons
 f - a +3 mace of protection (weapon)
Armour
 i - a +0 large shield (worn)
 m - a +5 plate armour (worn)
 r - a +1 scale mail of cold resistance
 v - a +2 cloak (worn)
 I - a +1 helmet (worn)
Jewellery
 a - a ring of sustain attributes (left hand)
 g - an uncursed ring of see invisible
 n - a +3 ring of protection (right hand)
 F - an uncursed amulet of the gourmand
Wands
 s - a wand of digging (1/24)
 u - a wand of polymorph (3/24)
 w - a wand of lightning (8/15)
 C - a wand of heal wounds (2/9)
 G - a wand of teleportation (1/9)
Scrolls
 e - 3 scrolls of identify
 l - 2 scrolls of remove curse
 o - 3 scrolls of teleportation
 p - 5 scrolls of magic mapping
 y - 2 scrolls of fog
Potions
 b - 2 potions of haste
 d - 6 potions of curing
 h - a potion of lignification
 j - 3 potions of cure mutation
 q - 2 potions of flight
 t - 4 potions of heal wounds
 x - 3 potions of brilliance
 z - a potion of agility {unknown}
 A - 4 potions of invisibility
 B - 2 potions of resistance {unknown}
 D - a potion of berserk rage {unknown}
 E - a potion of magic {unknown}
Comestibles
 c - 9 fruits
 k - 9 meat rations


   Skills:
 + Level 9.3 Fighting
 + Level 8.5 Maces & Flails
 * Level 11.6 Armour
 + Level 6.9 Dodging
 + Level 9.1 Shields


You had 11 spell levels left.
You didn't know any spells.

Dungeon Overview and Level Annotations

Branches:
Dungeon (9/15)             Temple (0/1) D:6            Lair (3/8) D:9
  Swamp: Lair:3-6    Shoals: Lair:3-6     Snake: Lair:3-6    Spider: Lair:3-6
    Orc: D:9-12

Altars:
Ashenzari
Cheibriados
Fedhas
Kikubaaqudgha
Makhleb
Nemelex Xobeh
Pakellas
Qazlal
Ru
Sif Muna
Vehumet
Xom
Yredelemnul
The Shining One

Annotations:
Lair:3 Gastronok


Innate Abilities, Weirdness & Mutations

You are resistant to torment.
Your stone body is resilient (AC +8).
You are immune to poison.
You resist negative energy.
You are resistant to electric shocks.
You can survive without breathing.
You are immune to petrification.
You are immune to rotting.


Message History

Gastronok is severely wounded.
You hit Gastronok.
Gastronok is severely wounded.
You block Gastronok's attack.
You hit Gastronok but do no damage.
Gastronok is severely wounded.
Gastronok is no longer moving somewhat quickly.
You block Gastronok's attack.
You hit Gastronok but do no damage.
Gastronok is severely wounded.
You thump Gastronok!
Gastronok is severely wounded.
Gastronok bites you but does no damage.
You hit Gastronok.
Gastronok is severely wounded.
You hit Gastronok.
Gastronok is severely wounded.
Gastronok waves his eye-stalks in wide circles.
The air twists around and strikes you!
You die...

...<........... #.
............... #
............... ###
............. ...###.#
#........# #.......
#...# ....#... ##..#
........ ##w# #.......
#.@# #....... #..#
#........ .# ##.##
#........ ... ###..#
#........ ...P#.#.##
#........ ........###
#####.......
........#.###.#P#.......
.......................+
........................


You could see Gastronok.

Vanquished Creatures
  A hydra (Lair:2)
  Nergalle (Lair:3)
  A cyclops (D:8)
  A black mamba (Lair:1)
  4 spiny frogs
  2 komodo dragons
  Prince Ribbit (D:5)
  3 blink frogs (Lair:2)
  3 yaks (Lair:2)
  A wyvern (D:8)
  Eustachio (D:5)
  2 hippogriffs
  The ghost of murphy the Conjurer, an amateur DgCj (D:5)
  6 water moccasins
  2 porcupines
  A sky beast (D:5)
  A necrophage (D:9)
  2 orc warriors
  6 ice beasts
  7 ogres
  4 centaurs
  5 wolves
  4 crocodiles
  Blork the orc (D:5)
  4 giant frogs
  6 water moccasin zombies (Ossuary)
  5 scorpions
  8 killer bees (D:8)
  A howler monkey (D:5)
  5 crimson imps
  5 hounds
  A jelly (D:7)
  6 orc priests
  Natasha (thrice) (D:2)
  2 giant frog skeletons
  9 iguanas
  12 orc wizards
  10 worker ants
  8 sheep (Lair:2)
  2 big kobold zombies (Ossuary)
  The ghost of murphy the Conjurer, a weakling DgCj (D:4)
  3 hound skeletons (D:5)
  2 mummies (Ossuary)
  A worker ant zombie (D:3)
  7 gnolls
  11 adders
  6 river rats (Lair:1)
  A shadow imp (D:8)
  5 white imps (Lair:1)
  An adder skeleton (D:8)
  10 adder zombies
  2 worms (D:2)
  A dart slug (D:1)
  4 giant geckos
  40 orcs
  6 giant cockroaches
  4 gnoll zombies (Ossuary)
  4 goblins
  10 hobgoblins
  6 kobolds
  4 quokkas
  2 ball pythons
  12 bats
  3 giant newts
  5 hobgoblin zombies (Ossuary)
  A kobold zombie (Ossuary)
  3 orc zombies (Ossuary)
  A quokka skeleton (D:5)
  6 rats
310 creatures vanquished.

Vanquished Creatures (collateral kills)
  2 hydras
  A spriggan (Lair:2)
  A basilisk (Lair:2)
  Grum (D:9)
  2 ice beasts (IceCv)
  2 wolves (D:9)
  A crimson imp (D:9)
  A jelly (D:9)
  A centaur skeleton (D:9)
  An iguana (Lair:2)
  A worker ant (D:9)
  A river rat (Lair:2)
  7 white imps (Lair:1)
  A quokka (D:9)
23 creatures vanquished.

Vanquished Creatures (others)
  3 fungi
  19 toadstools (Lair:3)
22 creatures vanquished.

Grand Total: 355 creatures vanquished

Notes
Turn   | Place    | Note
--------------------------------------------------------------
     0 | D:1      | Hsing the Gargoyle Berserker began the quest for the Orb.
     0 | D:1      | Reached XP level 1. HP: 14/14 MP: 1/1
   142 | D:1      | Reached XP level 2. HP: 19/19 MP: 2/2
   902 | D:2      | Reached XP level 3. HP: 24/24 MP: 3/3
   935 | D:2      | Reached ** piety under Trog
   957 | D:2      | Reached skill level 1 in Shields
   993 | D:2      | Reached XP level 4. HP: 14/29 MP: 4/4
  1266 | D:2      | Noticed Natasha
  1288 | D:2      | Killed Natasha
  1529 | D:2      | Noticed Natasha
  1539 | D:2      | Killed Natasha
  1539 | D:2      | Reached XP level 5. HP: 31/33 MP: 5/5
  1671 | D:2      | Noticed Natasha
  1680 | D:2      | Killed Natasha
  1777 | D:2      | You fall through a shaft!
  1829 | D:3      | Reached XP level 6. HP: 5/39 MP: 6/6
  2233 | D:3      | Reached skill level 3 in Armour
  2398 | D:3      | Found an oddly glowing altar of Pakellas.
  2398 | D:3      | Found a glowing golden altar of the Shining One.
  2555 | D:4      | Reached *** piety under Trog
  2650 | D:4      | Noticed murphy's ghost (weakling DgCj)
  2674 | D:4      | Killed murphy's ghost
  2674 | D:4      | Reached XP level 7. HP: 44/44 MP: 7/7
  2739 | D:4      | Found a radiant altar of Vehumet.
  2774 | D:4      | Found a snail-covered altar of Cheibriados.
  2839 | D:4      | Found an oddly glowing altar of Pakellas.
  2913 | D:4      | Reached skill level 4 in Armour
  2991 | D:5      | Entered Level 5 of the Dungeon
  3030 | D:5      | Noticed Blork the orc
  3034 | D:5      | Killed Blork the orc
  3051 | D:5      | Reached skill level 5 in Fighting
  3089 | D:5      | Found an oddly glowing altar of Pakellas.
  3310 | D:5      | Reached XP level 8. HP: 48/49 MP: 8/8
  3366 | D:5      | Reached skill level 5 in Armour
  3379 | D:5      | Reached **** piety under Trog
  3398 | D:5      | Noticed Eustachio
  3433 | D:5      | Killed Eustachio
  3433 | D:5      | Reached skill level 5 in Maces & Flails
  3433 | D:5      | Reached skill level 5 in Shields
  3465 | D:5      | Noticed murphy's ghost (amateur DgCj)
  3479 | D:5      | Killed murphy's ghost
  3486 | D:5      | Noticed Prince Ribbit
  3542 | D:5      | Reached skill level 6 in Armour
  3594 | D:5      | Found a shattered altar of Ashenzari.
  4281 | D:5      | Killed Prince Ribbit
  4281 | D:5      | Reached XP level 9. HP: 55/55 MP: 9/9
  4657 | D:6      | Reached skill level 7 in Armour
  4821 | D:6      | Found an ancient bone altar of Kikubaaqudgha.
  5368 | D:6      | Found a staircase to the Ecumenical Temple.
  5432 | D:7      | Found a sand-covered staircase.
  5481 | Ossuary  | Entered an ossuary
  5797 | D:7      | Reached skill level 8 in Armour
  5804 | D:7      | Reached ***** piety under Trog
  6022 | D:7      | Found a blossoming altar of Fedhas.
  6329 | D:7      | Reached XP level 10. HP: 63/63 MP: 10/10
  6550 | D:8      | Reached skill level 5 in Dodging
  6679 | D:8      | Found a sparkling altar of Nemelex Xobeh.
  6870 | D:8      | Found a shimmering altar of Xom.
  6871 | D:8      | Found a burning altar of Makhleb.
  6881 | D:8      | Noticed a cyclops
  6901 | D:8      | Killed a cyclops
  6901 | D:8      | Reached skill level 9 in Armour
  7095 | D:8      | Received a gift from Trog
  7118 | D:8      | Found a sacrificial altar of Ru.
  7508 | D:9      | Found a stormy altar of Qazlal.
  7686 | D:9      | Found a staircase to the Lair.
  7726 | D:9      | Noticed Grum
  7764 | D:9      | Killed Grum
  7898 | D:9      | Found a basalt altar of Yredelemnul.
  7967 | D:9      | Found a deep blue altar of Sif Muna.
  8043 | Lair:1   | Entered Level 1 of the Lair of Beasts
  8077 | Lair:1   | Noticed a black mamba
  8099 | Lair:1   | Killed a black mamba
  8163 | Lair:1   | Noticed a spiny frog
  8183 | Lair:1   | Killed a spiny frog
  8183 | Lair:1   | Reached skill level 10 in Armour
  8218 | Lair:1   | Found a frozen archway.
  8358 | IceCv    | Entered an ice cave
  8377 | IceCv    | Reached XP level 11. HP: 53/68 MP: 11/11
  8553 | IceCv    | Noticed shwouchk's ghost (journeyman DsWz)
  9303 | Lair:2   | Identified a scroll of acquirement
  9420 | Lair:2   | Noticed a seven-headed hydra
  9433 | Lair:2   | Killed a seven-headed hydra
  9555 | Lair:2   | Noticed an eight-headed hydra
  9571 | Lair:2   | Killed an eight-headed hydra
  9938 | Lair:2   | Reached skill level 11 in Armour
 10661 | Lair:3   | Noticed Nergalle
 10689 | Lair:3   | Killed Nergalle
 10754 | Lair:3   | Reached XP level 12. HP: 59/76 MP: 12/12
 10842 | Lair:3   | Noticed a four-headed hydra
 10847 | Lair:3   | Killed a four-headed hydra
 10964 | Lair:3   | Noticed Gastronok
 11013 | Lair:3   | Killed from afar by Gastronok

Skill      XL: |  1  2  3  4  5  6  7  8  9 10 11 |
---------------+----------------------------------+-----
Shields        | 2 3 4 5 6 7 9 |  9.1
Fighting       | 4 5 6 7 8 9 |  9.3
Dodging        | 2 3 4 5 6 |  6.9
Armour         | 3 4 6 8 10 11 | 11.6
Maces & Flails | 4 5 6 7 8 |  8.5

Action                   |  1- 3 |  4- 6 |  7- 9 | 10-12 || total
-------------------------+-------+-------+-------+-------++-------
Melee: Mace              |    88 |    91 |   792 |   916 ||  1887
       Flail             |       |   170 |       |       ||   170
       Quick blade       |       |       |       |    20 ||    20
Invok: Berserk           |     1 |     2 |     2 |     3 ||     8
       Burn Spellbooks   |       |       |     1 |     2 ||     3
       Brothers in Arms  |       |       |       |     6 ||     6
Evoke: Wand              |       |       |     8 |     3 ||    11
  Use: Scroll            |     3 |     6 |    14 |    11 ||    34
       Potion            |       |     3 |       |     1 ||     4
  Eat: Bread ration      |       |     1 |     3 |     5 ||     9
       Chunk             |       |     1 |     1 |       ||     2
       Fruit             |       |     4 |       |       ||     4
       Meat ration       |       |     1 |       |       ||     1
Armor: Animal skin       |    25 |       |       |       ||    25
       Scale mail        |    29 |    88 |       |       ||   117
       Plate armour      |       |   101 |   617 |   689 ||  1407
Dodge: Dodged            |    47 |    52 |   100 |   211 ||   410
Block: Large shield      |    58 |   270 |   784 |  1055 ||  2167
